 Dungeon Crawl Stone Soup version 0.17-a0-2122-g03d97ec (webtiles) character file.

76 Duffy the Chopper (level 4, 33/35 HPs)
             Began as a Formicid Berserker on Oct 21, 2015.
             Was a Believer of Trog.
             Quit the game on level 2 of the Dungeon.
             The game lasted 00:02:03 (2783 turns).

Duffy the Chopper (Formicid Berserker)              Turns: 2783, Time: 00:02:03

Health: 33/35      AC:  8    Str: 21    XL:     4   Next: 57%
Magic:  4/4        EV: 11    Int:  7    God:    Trog [**....]
Gold:   135        SH:  0    Dex: 11    Spells: 0 memorised, 3 levels left

rFire  . . .     SeeInvis +     a - +0 hand axe
rCold  . . .     Clarity  .     s - +0 ring mail (curse)
rNeg   . . .     SustAt   +     (no shield)
rPois  .         Gourm    .     (helmet unavailable)
rElec  .         Spirit   .     (no cloak)
rCorr  .         Warding  .     (no gloves)
rMut   .         Stasis   +     h - +2 pair of boots
MR     .....                    (no amulet)
Stlth  +.........               (no ring)
                                b - ring of sustain attributes

@: not resistant to hostile enchantments, very unstealthy
A: permanent stasis, dig shafts and tunnels, four strong arms, antennae 3
a: Dig, Shaft Self, Trog's Hand, Burn Spellbooks, Renounce Religion


You were on level 2 of the Dungeon.
You worshipped Trog.
Trog was pleased with you.
You were not hungry.

You visited 1 branch of the dungeon, and saw 2 of its levels.

You collected 135 gold pieces.


Innate Abilities, Weirdness & Mutations

You are under a permanent stasis effect.
You can dig through walls and to a lower floor.
Your four strong arms can wield two-handed weapons with a shield.
You have a pair of large antennae on your head (SInv).


   Skills:
 - Level 3.2 Fighting
 + Level 5.0 Axes
 - Level 2.1 Armour
 - Level 1.7 Dodging


You had 3 spell levels left.
You didn't know any spells.

Inventory:

Hand Weapons
 a - a +0 hand axe (weapon)
Missiles
 n - 43 arrows
 r - 10 stones (quivered)
 t - 17 arrows of flame
Armour
 g - a +0 leather armour
 h - a +2 pair of boots (worn)
 s - a cursed +0 ring mail (worn)
Jewellery
 b - a ring of sustain attributes (left hand)
Scrolls
 i - a scroll of fear {unknown}
 k - a scroll of identify {unknown}
 l - a scroll of noise {unknown}
 q - a scroll of random uselessness {unknown}
Potions
 e - a potion of brilliance {unknown}
 j - a potion of haste {unknown}
 m - a potion of curing {unknown}
 o - a potion of poison {unknown}
Comestibles
 c - 3 bread rations
 d - 2 beef jerkies
 f - a slice of pizza
 p - a meat ration

Dungeon Overview and Level Annotations

Branches:
Dungeon (2/15)

Altars:


Message History

Your ring mail prevents you from hitting the adder.
The adder bites you but does no damage.
You hit the adder but do no damage. The adder barely misses you.
The adder bites you but does no damage.
You hit the adder but do no damage. The adder bites you but does no damage.
You hit the adder.
The adder is heavily wounded.
The adder bites you. The adder barely misses you.
You hit the adder but do no damage.
The adder is heavily wounded.
The adder misses you.
You hit the adder.
The adder is almost dead.
The adder barely misses you.
You slash the adder!
You kill the adder!
Trog accepts your kill.
Your Axes skill increases to level 5!
No target in view!
No target in view!
No target in view!
No target in view!
No target in view!
No target in view!
No target in view!
No target in view!
No target in view!
No target in view!
No target in view!
No target in view!
No target in view!
No target in view!
No target in view!
No target in view!
Are you sure you want to abandon this character and quit the game? (Confirm with "yes".)

....# #.####### ###.# #....†...
#.# #.####### ###.# { #.#...#
....# #####.#.#.# ....# {
#.........# ....# #.###.#...#
....# ############.# #.#...#
....# ?......@.....# #.#...#
....# ############## #.#...#
....# .# #.........# #.#...#
....##.# #.#######.###.#...###
######.# #.#..................
.......# #.#.#####.###.#.....#
.......######.#.#.........#......
............................>....
..........###.#......#...........


There were no monsters in sight!

Action                   |  1- 3 |  4- 6 || total
-------------------------+-------+-------++-------
Melee: Hand axe          |    87 |    49 ||   136
 Stab: Distracted        |     1 |       ||     1
  Eat: Chunk             |     2 |     4 ||     6

Notes
Turn   | Place    | Note
--------------------------------------------------------------
     0 | D:1      | Duffy the Formicid Berserker began the quest for the Orb.
     0 | D:1      | Reached XP level 1. HP: 18/18 MP: 1/1
   358 | D:1      | Reached XP level 2. HP: 24/24 MP: 2/2
  1012 | D:1      | Reached skill level 4 in Axes
  1012 | D:1      | Reached XP level 3. HP: 29/29 MP: 3/3
  1302 | D:1      | Reached ** piety under Trog
  1684 | D:2      | Reached XP level 4. HP: 27/35 MP: 4/4
  2782 | D:2      | Reached skill level 5 in Axes
  2783 | D:2      | Quit the game

Vault maps used:
D:1:      dpeg_arrival_round_b, serial_bayou_lagoon_a,
          minmay_misc_feat_diagonals

Vanquished Creatures
  4 adders
  2 worms
  2 giant geckos
  7 bats
  A giant cockroach
  2 goblins
  3 hobgoblins
  3 giant newts
  2 jackals
  5 kobolds
  A quokka
  4 rats
36 creatures vanquished.
